 Dungeon Crawl Stone Soup version 0.28-a0-819-g6ef7baa362 (webtiles) character file.

Game seed: 2059288778471110943

5 flotson the Sneak (level 1, -2/13 HPs)
             Began as a Gnoll Wanderer on Nov 8, 2021.
             Slain by a kobold (5 damage)
             ... on level 1 of the Dungeon.
             The game lasted 00:00:40 (293 turns).

flotson the Sneak (Gnoll Wanderer)                   Turns: 293, Time: 00:00:41

Health: -2/13      AC:  6    Str: 11    XL:     1   Next: 80%
Magic:  6/6        EV:  9    Int: 12    God:
Gold:   27         SH:  0    Dex: 10    Spells: 9/9 levels left

rFire   . . .      SeeInvis .   a - +0 spear
rCold   . . .      Faith    .   (no shield)
rNeg    . . .      Spirit   .   c - +0 scale mail
rPois   .          Reflect  .   (no helmet)
rElec   .          Harm     .   (no cloak)
rCorr   .          Rampage  .   (no gloves)
Will    .....                   (no boots)
Stlth   ++........              (no amulet)
HPRegen 0.04/turn               (no ring)
MPRegen 0.10/turn               (no ring)

@: no status effects
A: fangs 1, strong nose, distributed training
a: no special abilities


You were on level 1 of the Dungeon.
You visited 1 branch of the dungeon, and saw 1 of its levels.

You collected 27 gold pieces.

Inventory:

Hand Weapons
 a - a +0 spear (weapon)
 b - a +0 falchion
 d - a +0 dagger
Armour
 c - a +0 scale mail (worn)
Scrolls
 e - a scroll of identify {unknown}
 f - a scroll of acquirement {unknown}
 g - a scroll of amnesia {unknown}


   Skills:
 + Level 0.1 Fighting
 + Level 0.1 Short Blades
 + Level 4.4 Long Blades
 + Level 0.1 Axes
 + Level 0.1 Maces & Flails
 + Level 0.1 Polearms
 + Level 0.1 Staves
 + Level 0.1 Slings
 + Level 0.1 Bows
 + Level 0.1 Crossbows
 + Level 0.1 Throwing
 + Level 0.1 Armour
 + Level 2.4 Dodging
 + Level 7.7 Stealth
 + Level 0.1 Shields
 + Level 0.1 Unarmed Combat
 + Level 4.9 Spellcasting
 + Level 0.1 Conjurations
 + Level 2.0 Hexes
 + Level 0.1 Summonings
 + Level 0.1 Necromancy
 + Level 0.1 Translocations
 + Level 0.1 Transmutations
 + Level 0.1 Fire Magic
 + Level 0.1 Ice Magic
 + Level 0.1 Air Magic
 + Level 0.1 Earth Magic
 + Level 0.1 Poison Magic
 + Level 0.2 Invocations
 + Level 0.1 Evocations


You had 9 spell levels left.
You didn't know any spells.
Your spell library contained the following spells:

 Spells                   Type           Power      Damage    Failure   Level
 Ensorcelled Hibernation  Hex/Ice        10%        N/A       77%         2
 Confusing Touch          Hex            7%         N/A       86%         3
 Tukima's Dance           Hex            7%         N/A       86%         3
 Dazzling Flash           Conj/Hex       10%        N/A       94%         3


Dungeon Overview and Level Annotations

Branches:
Dungeon (1/15)

Altars:


Innate Abilities, Weirdness & Mutations

You have very sharp teeth.
Your uncanny sense of smell can sniff out nearby items.
Your experience applies equally to all skills.


Message History

A kobold comes into view. It is wielding a +0 whip.
You hit the rat but do no damage. The rat closely misses you.
You barely miss the rat.
The kobold shouts!
The rat bites you but does no damage.
You hit the rat.
The rat is heavily wounded.
The rat closely misses you. The kobold barely misses you.
You closely miss the rat. The rat closely misses you.
The kobold closely misses you.
You closely miss the rat. The rat closely misses you.
The kobold hits you but does no damage.
You hit the endoplasm.
The endoplasm is heavily wounded.
The rat closely misses you. The kobold closely misses you.
The endoplasm freezes you.
You are frozen.
You hit the endoplasm.
The endoplasm is almost dead.
The rat barely misses you. The kobold barely misses you.
The endoplasm freezes you.
You are frozen.
You are too injured to fight recklessly!
You are too injured to fight recklessly!
You are too injured to fight recklessly!
You are too injured to fight recklessly!
Unknown command.
The rat bites you but does no damage.
You hit the endoplasm.
You kill the endoplasm!
Your Hexes skill increases to level 2!
You hit the rat but do no damage. The rat bites you but does no damage.
You closely miss the rat. The rat bites you.
You barely miss the rat. The rat bites you.
* * * LOW HITPOINT WARNING * * *
You hit the rat.
You kill the rat!
You miss the kobold. Your bite misses the kobold.
The kobold hits you with a +0 whip.
You die...

#..##.# #....######[[#....
#..##.# ####.# ##...#..
#..##.# ##.## ##.##..
#..##.# #...#######.##..
#...#.#######.#.......#.####
#...........#.>.#####.......
#.....#####.##### ########
#.#.### #.# # #. #@# #. ##K#
. ######†.### # ..........#
######..#.# #.....# #.....#
#.....# #..##.#


You could see a kobold.

Vanquished Creatures
  An endoplasm (D:1)
  A goblin (D:1)
  2 ball pythons (D:1)
  A bat (D:1)
  A rat (D:1)
6 creatures vanquished.

Notes
Turn   | Place    | Note
-------+----------+-------------------------------------------
     0 | D:1      | flotson the Gnoll Wanderer began the quest for the Orb.
     0 | D:1      | flotson set off with the following items: a +0 spear, a +0
                  | falchion, a +0 robe, a +0 dagger; and the following spells
                  | available to memorise: Ensorcelled Hibernation, Confusing
                  | Touch, Tukima's Dance, Dazzling Flash
     0 | D:1      | Reached XP level 1. HP: 13/13 MP: 6/6
   293 | D:1      | Slain by a kobold

Illustrated notes

Levels and vault maps discovered:
D:1:      dpeg_arrival_radiant, layout_loops_ring,
          dilly_ecumenical_altar_fadedgnrine

Skill      XL: |  1 |
---------------+----+-----
Hexes          | 2 |  2.0
Fighting       | |  0.1
Short Blades   | |  0.1
Long Blades    | |  4.4
Axes           | |  0.1
Maces & Flails | |  0.1
Polearms       | |  0.1
Staves         | |  0.1
Slings         | |  0.1
Bows           | |  0.1
Crossbows      | |  0.1
Throwing       | |  0.1
Armour         | |  0.1
Dodging        | |  2.4
Stealth        | |  7.7
Shields        | |  0.1
Unarmed Combat | |  0.1
Spellcasting   | |  4.9
Conjurations   | |  0.1
Summonings     | |  0.1
Necromancy     | |  0.1
Translocations | |  0.1
Transmutations | |  0.1
Fire Magic     | |  0.1
Ice Magic      | |  0.1
Air Magic      | |  0.1
Earth Magic    | |  0.1
Poison Magic   | |  0.1
Invocations    | |  0.2
Evocations     | |  0.1

Action                   || total
-------------------------++-------
Melee: Spear             ||    23
       Bite              ||     1
 Stab: Sleeping          ||     3
Armor: Leather armour    ||     4
       Scale mail        ||     4
       Robe              ||     1
Dodge: Dodged            ||    11

Table legend: (Time is in decaauts)
 A = Elapsed time spent in this place.
 B = Non-inter-level travel time spent in this place.
 C = Inter-level travel time spent in this place.
 D = Time resting spent in this place.
 E = Time spent auto-exploring this place.
 F = Levels seen in this place.
 G = Mean time per level.
                   A        B        C        D        E       F      G
               +--------+--------+--------+--------+--------+-----+--------+
         Total |    295 |    295 |      0 |      0 |    206 |   1 |  295.0 |
       Dungeon |    295 |    295 |      0 |      0 |    206 |   1 |  295.0 |
               +--------+--------+--------+--------+--------+-----+--------+

Top non-repeatable levels by time:
     D:1: 295 daAuts
